AoeStats
← Kim Yung Lam Ber M'un

Arabia

510313148Analyzed
1v1 RM · 1d ago on Sep 30, 2026· 23m 31s· 2 players
Game mode
Random Map
Map size
Tiny (2 player)
Population
200
Speed
Normal
Resources
Standard
Victory
Conquest
Starting age
Dark Age
Ending age
Imperial Age
RankedLock teamsTeams togetherTeam positionsShared explorationLock speedFull tech treeHidden civsTurbo modeCheats
Victory
Defeat
🇹🇼 Persians · Taiwan
1587
+13
🇳🇱 Sicilians · Netherlands
1532
-13
Kim Yung Lam Ber M'un
6:05 Loom
8:58 Feudal Age
10:06 Double-Bit Axe
11:13 Scale Mail Armor
11:19 Horse Collar
15:28 Scale Mail Armor
16:34 Fletching
19:24 Wheelbarrow
23:15 Castle Age
22:29 Padded Archer Armor
23:14 Padded Archer Armor
Cosmosdd
5:33 Loom
6:10 Loom
8:32 Feudal Age
9:16 Double-Bit Axe
13:33 Fletching
16:19 Wheelbarrow
20:05 Castle Age
18:22 Horse Collar
18:56 Padded Archer Armor
18:50 Gold Mining
20:30 Bodkin Arrow
20:50 Bow Saw
20:10 Crossbowman
21:55 Heavy Plow
Connection lost

Rejoining the realm…

Still unreachable

The connection could not be restored.

Session expired

The server has moved on; the page needs a fresh start.